 Dungeon Crawl Stone Soup version 0.25-a0-447-gff83419037 (webtiles) character file.

Game seed: 5999320613386382614, levelgen mode: deterministic

252 Nattfarinn the Skirmisher (level 5, -3/48 HPs)
             Began as a Minotaur Berserker on Jan 31, 2020.
             Was a Priest of Trog.
             Slain by an orc
             ... wielding a +0 morningstar
              (5 damage)
             ... on level 4 of the Dungeon.
             The game lasted 00:04:43 (2988 turns).

Nattfarinn the Skirmisher (Minotaur Berserker)      Turns: 2988, Time: 00:04:44

Health: -3/48      AC:  2    Str: 22    XL:     5   Next: 89%
Magic:  4/4        EV: 13    Int:  4    God:    Trog [***...]
Gold:   100        SH:  0    Dex: 10    Spells: 4/4 levels left

rFire    . . .     SeeInvis .   a - +0 mace
rCold    . . .     Gourm    .   (no shield)
rNeg     . . .     Faith    .   b - +0 animal skin
rPois    .         Spirit   .   (helmet restricted)
rElec    .         Reflect  .   (no cloak)
rCorr    .         Harm     .   (no gloves)
MR       ++...                  (no boots)
Stlth    +.........             (no amulet)
HPRegen  1.16/turn              (no ring)
MPRegen  0.09/turn              (no ring)

@: flying, starving, regenerating
A: retaliatory headbutt, horns 2
a: Berserk, Trog's Hand, Renounce Religion


You were on level 4 of the Dungeon.
You worshipped Trog.
Trog was most pleased with you.
You were starving.

You visited 1 branch of the dungeon, and saw 4 of its levels.

You collected 100 gold pieces.

Inventory:

Hand Weapons
 a - a +0 mace (weapon)
Armour
 b - a +0 animal skin (worn)
Jewellery
 d - a +2 ring of intelligence
Scrolls
 e - 7 scrolls of blinking {unknown}
 i - 5 scrolls of remove curse {unknown}
 k - 5 scrolls of identify {unknown}
 m - 2 scrolls of enchant armour {unknown}
 n - a scroll of immolation {unknown}
Potions
 f - a potion of lignification {unknown}
 g - a potion of agility
 h - a potion of mutation {unknown}
 j - a potion of curing {unknown}
 l - a potion of haste {unknown}
 p - a potion of flight
Comestibles
 c - 6 rations


   Skills:
 * Level 5.5 Fighting
 + Level 4.6 Maces & Flails
 * Level 4.8 Armour
 + Level 3.2 Dodging


You had 4 spell levels left.
You didn't know any spells.
Your spell library was empty.

Dungeon Overview and Level Annotations

Branches:
Dungeon (4/15)
 Temple: D:4-7

Altars:
Vehumet


Innate Abilities, Weirdness & Mutations

You reflexively headbutt those who attack you in melee.
You have a pair of horns on your head.


Message History

The orc barely misses you.
You closely miss the orc wizard.
The orc wizard is moderately wounded.
The orc hits you with a +0 club. The orc wizard casts a spell at you.
You resist with some effort. The orc barely misses you.
Your skin crawls.
You feel resistant to hostile enchantments.
You are starving!
The orc hits you with a +0 morningstar!
* * * LOW HITPOINT WARNING * * *
The orc hits you with a +0 club.
* * * LOW HITPOINT WARNING * * *
The orc wizard gestures at you while chanting.
You resist with almost no effort. The orc barely misses you.
Okay, then.
It was a potion of flight.
You feel very buoyant.
You fly up into the air.
The orc hits you with a +0 morningstar.
You die...

#### .... ..... .....
+.......# ......
#.(.....#
....#########.......##
#.oo................
#.o@................
#.o.................
#...................
#...?............†..
...######.........####
.... #.........# ...
#.........# ...
#.........#
#..<......#


You could see an orc wizard and 3 orcs.

Vanquished Creatures
  A scorpion (D:4)
  An orc priest (D:3)
  Jessica (D:3)
  A worker ant (D:4)
  Robin (D:3)
  An adder (D:2)
  An ooze (D:2)
  A worm (D:4)
  2 dart slugs (D:1)
  6 orcs
  6 giant cockroaches
  15 goblins
  7 hobgoblins
  8 jackals
  3 quokkas
  8 bats
  2 frilled lizards
  12 kobolds
  3 rats
80 creatures vanquished.

Notes
Turn   | Place    | Note
-------+----------+-------------------------------------------
     0 | D:1      | Nattfarinn the Minotaur Berserker began the quest for the
                  | Orb.
     0 | D:1      | Reached XP level 1. HP: 19/19 MP: 0/0
   104 | D:1      | Reached XP level 2. HP: 26/27 MP: 1/1
   233 | D:1      | Reached skill level 4 in Fighting
   547 | D:1      | Reached XP level 3. HP: 26/33 MP: 2/2
  1084 | D:2      | Reached ** piety under Trog
  1335 | D:2      | Found a radiant altar of Vehumet.
  1708 | D:3      | Reached XP level 4. HP: 41/41 MP: 3/3
  1731 | D:3      | Noticed Robin
  1747 | D:3      | Killed Robin
  2150 | D:3      | Noticed Jessica
  2159 | D:3      | Killed Jessica
  2191 | D:3      | Reached *** piety under Trog
  2191 | D:3      | Reached skill level 5 in Fighting
  2197 | D:3      | Reached XP level 5. HP: 4/48 MP: 4/4
  2198 | D:3      | HP: 2/72 [orc (3)]
  2987 | D:4      | HP: 1/48 [orc/+0 club (6)]
  2988 | D:4      | Slain by an orc

Levels and vault maps discovered:
D:1:      dpeg_arrival_pond, layout_basic
D:2:      layout_basic, old_standard_altar, serial_bayou_pond_e,
          minmay_misc_feat_tiny
D:3:      layout_basic, first_ration, uniq_robin, uniq_jessica
D:4:      layout_gridville

Skill      XL: |  1  2  3  4  5 |
---------------+----------------+-----
Fighting       | 4 5 |  5.5
Armour         | 3 4 |  4.8
Maces & Flails | 4 |  4.6
Dodging        | 3 |  3.2

Action                   |  1- 3 |  4- 6 || total
-------------------------+-------+-------++-------
Melee: Mace              |    89 |    68 ||   157
       Headbutt          |    15 |     9 ||    24
Invok: Berserk           |       |     3 ||     3
       Trog's Hand       |       |     2 ||     2
  Use: Potion            |       |     1 ||     1
  Eat: Chunk             |     2 |     6 ||     8
Armor: Animal skin       |    19 |     8 ||    27
Dodge: Dodged            |    75 |    48 ||   123

Table legend:
 A = Non-vault XP
 B = Vault XP
 C = Vault XP percentage of total XP
 D = Non-vault monster count
 E = Vault monster count
 F = Vault count percentage of total count
                 A         B        C        D         E       F
            +---------+---------+-------+---------+---------+-------
      Total |     290 |      71 |  19.7 |      68 |      12 |  15.0
            +---------+---------+-------+---------+---------+-------
        D:1 |      44 |       0 |   0.0 |      24 |       0 |   0.0
        D:2 |      52 |       0 |   0.0 |      22 |       0 |   0.0
        D:3 |      82 |      71 |  46.4 |      18 |      12 |  40.0
        D:4 |     112 |       0 |   0.0 |       4 |       0 |   0.0
            +---------+---------+-------+---------+---------+-------
